 Dungeon Crawl Stone Soup version 0.29.1-2-gbd0b4ee654 (webtiles) character file.

Game seed: 16011540099105295761

65 GorkyZ the Chopper (level 3, -8/28 HPs)
             Began as a Demonspawn Gladiator on Nov 19, 2022.
             Mangled by a gnoll
             ... wielding a +0 flail
              (9 damage)
             ... on level 3 of the Dungeon.
             The game lasted 00:05:33 (2279 turns).

GorkyZ the Chopper (Demonspawn Gladiator)           Turns: 2279, Time: 00:05:34

Health: -8/28      AC: 11    Str: 16    XL:     3   Next: 92%
Magic:  3/3        EV:  7    Int:  9    God:
Gold:   133        SH:  0    Dex: 14    Spells: 2/2 levels left

rFire   + . .      SeeInvis .   f - +0 hand axe
rCold   . . .      Faith    .   (no shield)
rNeg    . . .      Spirit   .   m - +0 chain mail
rPois   .          Reflect  .   c - +0 helmet
rElec   .          Harm     .   (no cloak)
rCorr   .          Rampage  .   (no gloves)
Will    .....                   (no boots)
Stlth   ..........              (no amulet)
HPRegen 0.09/turn               u - ring of protection from fire
MPRegen 0.08/turn               (no ring)

@: no status effects
A: yellow scales 1, ignite blood 1
a: no special abilities


You were on level 3 of the Dungeon.
You visited 1 branch of the dungeon, and saw 3 of its levels.

You collected 133 gold pieces.

Inventory:

Hand Weapons
 a - a +0 war axe
 f - a +0 hand axe (weapon)
Missiles
 d - 3 throwing nets (quivered)
 e - a javelin
 s - 6 poisoned darts
Armour
 b - a +0 leather armour
 c - a +0 helmet (worn)
 g - a +0 ring mail
 m - a +0 chain mail (worn)
Jewellery
 u - a ring of protection from fire (left hand)
Scrolls
 h - a scroll of vulnerability {unknown}
 j - 2 scrolls of fear {unknown}
 n - a scroll of poison {unknown}
 o - a scroll of enchant armour {unknown}
 p - a scroll of noise {unknown}
 t - 2 scrolls of identify {unknown}
 w - a scroll of teleportation {unknown}
 y - a scroll of summoning {unknown}
 B - a scroll of amnesia {unknown}
Potions
 i - 2 potions of brilliance {unknown}
 k - a potion of lignification {unknown}
 l - 2 potions of might {unknown}
 q - a potion of attraction {unknown}
 r - 2 potions of cancellation {unknown}
 v - a potion of curing {unknown}
 x - a potion of mutation {unknown}
 z - a potion of magic {unknown}
 A - a potion of heal wounds {unknown}


   Skills:
 + Level 2.5 Fighting
 + Level 3.0 Axes
 + Level 2.2 Throwing
 + Level 1.0 Armour
 - Level 2.7 Dodging
 + Level 1.1 Shields
 + Level 1.1 Evocations


You had 2 spell levels left.
You didn't know any spells.
Your spell library contained the following spells:

 Spells                   Type           Power      Damage    Failure   Level
 Static Discharge         Conj/Air       0%         3-3/arc   100%        2
 Lightning Bolt           Conj/Air       0%         1d11      100%        5
 Maxwell's Capacitive Co  Air            0%         ∞         100%        8


Dungeon Overview and Level Annotations

Branches:
Dungeon (3/15)

Altars:
Okawaru

Shops:
D:1 :


Innate Abilities, Weirdness & Mutations

You are partially covered in yellow scales. (AC +2)
Your demonic aura sometimes causes spilled blood to erupt in flames.


Message History

You are too injured to fight recklessly!
You are too injured to fight recklessly!
You are too injured to fight recklessly!
You are too injured to fight recklessly!
You are too injured to fight recklessly!
You are too injured to fight recklessly!
You are too injured to fight recklessly!
You are too injured to fight recklessly!
You are too injured to fight recklessly!
You are too injured to fight recklessly!
You are too injured to fight recklessly!
You are too injured to fight recklessly!
You are too injured to fight recklessly!
You are too injured to fight recklessly!
You are too injured to fight recklessly!
You hit the gnoll.
The gnoll is heavily wounded.
The gnoll is engulfed in blazing flames.
You kill the gnoll!
The gnoll hits you from afar with a +0 halberd.
Your Armour skill increases to level 1!
The gnoll hits you with a +0 halberd!
* * * LOW HITPOINT WARNING * * *
Things that are here:
a +0 flail; a gnoll corpse You completely miss the gnoll.
The gnoll closely misses you.
You hit the gnoll.
The gnoll is moderately wounded.
The gnoll closely misses you.
You hit the gnoll.
The gnoll is moderately wounded.
The gnoll barely misses you.
You barely miss the gnoll. x2; The gnoll closely misses you.
The gnoll hits you but does no damage.
You barely miss the gnoll.
The gnoll is moderately wounded.
You hit the gnoll. The gnoll hits you with a +0 halberd.
* * * LOW HITPOINT WARNING * * *
The gnoll hits you with a +0 flail!
You die...

.......<# ###. ....
........###### .....
... ....).........
.......#
.######.##.##. #.
......# .# #.##..#.
#.. #..#.#..# #.##.#..
#..##..#.#..###.
....###.
#.......gg...... ####
#.. #.....$@#>.# ..#.
#.......#.. #..#.
#.......#.. ## ##
#.......#.#
#.#.###.#.# ♣♣♣
#.......#.♣♣ ♣♣♣.♣♣♣
###.##.....♣♣
♣♣.....♣♣
.#....†..♣♣♣.....[.♣♣
#....≈~≈...♣...≈~≈.†.♣


You could see 2 gnolls.

Vanquished Creatures
  An adder (D:2)
  A gnoll (D:3)
  An endoplasm (D:2)
  2 giant cockroaches (D:1)
  5 goblins
  6 hobgoblins
  A jackal (D:1)
  2 quokkas
  6 ball pythons
  9 bats
  A frilled lizard (D:3)
  5 kobolds
  6 rats
46 creatures vanquished.

Notes
Turn   | Place    | Note
-------+----------+-------------------------------------------
     0 | D:1      | GorkyZ the Demonspawn Gladiator began the quest for the
                  | Orb.
     0 | D:1      | Reached XP level 1. HP: 16/16 MP: 1/1
   372 | D:1      | Gained mutation: Your demonic aura sometimes causes spilled
                  | blood to erupt in flames. [demonic ancestry]
   372 | D:1      | Reached XP level 2. HP: 22/22 MP: 2/2
   382 | D:1      | Found a faded altar of an unknown god.
   567 | D:1      | Found an iron altar of Okawaru.
   800 | D:1      | Found Uqonkyv's Book Shoppe.
  1280 | D:2      | Gained mutation: You are partially covered in yellow
                  | scales. (AC +2) [demonic ancestry]
  1280 | D:2      | Reached XP level 3. HP: 25/27 MP: 3/3
  1695 | D:2      | Reached skill level 1 in Evocations
  1927 | D:2      | Reached skill level 3 in Axes
  1927 | D:2      | Reached skill level 1 in Shields
  2274 | D:3      | Reached skill level 1 in Armour
  2279 | D:3      | HP: 1/28 [gnoll/+0 halberd (1)]
  2279 | D:3      | Mangled by a gnoll

Illustrated notes

Levels and vault maps discovered:
D:1:      enne_arrival_octagon_isle, layout_basic, serial_shops,
          nicolae_shop_competitors_out_of_business,
          hellmonk_ecumenical_altar_zigzags, nrook_loot_triangle,
          minmay_hexomino_r4
D:2:      layout_basic, kennysheep_nondescript
D:3:      layout_loops_ring, nemelex_dance_club_becter, elyvilon_altar_3,
          nicolae_overflow_squiral, minmay_crystal_room

Skill      XL: |  1  2  3 |
---------------+----------+-----
Throwing       | 2 |  2.2
Evocations     | 1 |  1.1
Axes           | 3 |  3.0
Shields        | 1 |  1.1
Armour         | 1 |  1.0
Fighting       | |  2.5
Dodging        | |  2.7

Action                   || total
-------------------------++-------
Melee: Hand axe          ||   174
       Punch             ||     2
Armor: Leather armour    ||    12
       Ring mail         ||     9
       Skin              ||     1
       Chain mail        ||   104
Dodge: Dodged            ||   103
